AoeStats
← Corsican Pirate

Arena

507862572Analyzed
4v4 RM · 13d ago on Sep 20, 2026· 33m 51s· 8 players
Game mode
Random Map
Map size
Large (8 player)
Population
200
Speed
Normal
Resources
Standard
Victory
Conquest
Starting age
Dark Age
Ending age
Imperial Age
RankedLock teamsTeams togetherTeam positionsShared explorationLock speedFull tech treeHidden civsTurbo modeCheats
Victory
Defeat
🇲🇽 Bengalis · Mexico
1278
+15
🇲🇽 Lithuanians · Mexico
1258
+15
🇲🇽 Aztecs · Mexico
1231
+17
🇺🇸 Burgundians · United States
1223
+17
🇺🇸 Poles · United States
1304
-18
🇦🇷 Magyars · Argentina
1303
-19
🇰🇷 Burgundians · South Korea
1252
-16
🇧🇷 Byzantines · Brazil
1124
-11
Glamdring
1:15 Loom
11:08 Feudal Age
12:32 Double-Bit Axe
15:25 Castle Age
14:01 Horse Collar
15:09 Bloodlines
17:22 Scale Barding Armor
22:19 Forging
23:06 Chain Barding Armor
26:25 Iron Casting
28:04 Loom
28:32 Husbandry
30:22 Wheelbarrow
32:05 Bow Saw
32:21 Heavy Plow
Gúthwinë
10:32 Feudal Age
8:49 Loom
14:09 Castle Age
12:22 Double-Bit Axe
16:29 Redemption
18:10 Fervor
19:05 Horse Collar
20:23 Sanctity
25:27 Atonement
28:54 Imperial Age
28:09 Heavy Plow
28:21 Bow Saw
29:55 Block Printing
30:08 Illumination
30:38 Bloodlines
30:28 Husbandry
31:55 Wheelbarrow
31:41 Devotion
32:19 Theocracy
33:16 Gambesons
Dreadnaught
3:55 Loom
4:00 Double-Bit Axe
7:27 Wheelbarrow
12:40 Feudal Age
10:54 Horse Collar
11:07 Gold Mining
16:28 Castle Age
16:02 Bow Saw
16:48 Heavy Plow
16:38 Cavalier
20:04 Husbandry
20:58 Scale Barding Armor
24:49 Hand Cart
24:45 Forging
27:32 Gold Shaft Mining
27:44 Town Watch
30:42 Imperial Age
28:51 Iron Casting
29:30 Stone Mining
30:23 Crop Rotation
31:14 Two-Man Saw
31:00 Paladin
33:01 Coinage
33:23 Chain Barding Armor
34:29 Conscription
Corsican Pirate
10:58 Feudal Age
9:48 Loom
15:08 Castle Age
13:30 Double-Bit Axe
15:36 Man-at-Arms
15:51 Pikeman
21:32 Scale Mail Armor
22:33 Chain Mail Armor
24:17 Squires
27:25 Wheelbarrow
26:44 Gold Mining
27:40 Redemption
27:43 Horse Collar
30:11 Gold Shaft Mining
31:38 Fervor
31:48 Hand Cart
31:35 Stone Mining
33:02 Forging
33:33 Town Watch
I ONLY MAKE HALBERDIERS
11:46 Feudal Age
15:37 Castle Age
13:46 Double-Bit Axe
14:09 Horse Collar
17:25 Bow Saw
22:34 Fletching
Alpenhime
10:55 Feudal Age
9:55 Loom
16:40 Castle Age
15:00 Double-Bit Axe
16:11 Bow Saw
15:43 Horse Collar
16:24 Heavy Plow
25:14 Gold Mining
27:46 Two-Man Saw
27:59 Gold Shaft Mining
27:02 Man-at-Arms
27:43 Cavalier
27:51 Pikeman
28:25 Long Swordsman
29:06 Squires
29:37 Scale Barding Armor
30:08 Arson
31:09 Forging
31:00 Scale Mail Armor
33:20 Chain Mail Armor
M-A
11:01 Feudal Age
10:32 Loom
15:42 Castle Age
13:43 Double-Bit Axe
13:46 Horse Collar
16:38 Bow Saw
16:58 Heavy Plow
24:24 Fletching
25:37 Bloodlines
25:55 Husbandry
27:12 Gold Mining
27:32 Bodkin Arrow
30:16 Padded Archer Armor
31:12 Gold Shaft Mining
31:34 Wheelbarrow
34:01 Imperial Age
32:13 Thumb Ring
33:47 Leather Archer Armor
Komo Kazada
10:09 Feudal Age
14:25 Castle Age
12:38 Horse Collar
13:21 Double-Bit Axe
15:44 Bow Saw
26:00 Wheelbarrow
28:42 Gold Mining
32:41 Imperial Age
31:06 Pikeman
32:15 Scale Mail Armor
32:25 Forging
Connection lost

Rejoining the realm…

Still unreachable

The connection could not be restored.

Session expired

The server has moved on; the page needs a fresh start.